 Dungeon Crawl Stone Soup version 0.19-a0-1879-gd95bc26 (webtiles) character file.

73 Minion the Poker (level 4, 0/39 HPs)
             Began as a Hill Orc Fighter on Oct 14, 2016.
             Slain by Grinder (5 damage)
             ... while paralysed by Grinder
             ... on level 2 of the Dungeon.
             The game lasted 00:04:21 (1587 turns).

Minion the Poker (Hill Orc Fighter)                 Turns: 1587, Time: 00:04:22

Health: 0/39       AC:  9    Str: 18    XL:     4   Next: 27%
Magic:  4/4        EV:  2    Int:  8    God:
Gold:   122        SH:  0    Dex: 11    Spells: 0 memorised, 3 levels left

rFire  . . .     SeeInvis .     a - +0 trident
rCold  . . .     Gourm    .     b - +0 scale mail
rNeg   . . .     Faith    .     c - +0 shield
rPois  .         Spirit   .     k - +1 helmet
rElec  .         Dismiss  .     (no cloak)
rCorr  .         Reflect  .     (no gloves)
MR     +....     Harm     .     (no boots)
Stlth  ..........               (no amulet)
                                p - ring of protection from magic
                                (no ring)

@: paralysed
A: no striking features
a: no special abilities


You were on level 2 of the Dungeon.
You were hungry.

You visited 1 branch of the dungeon, and saw 3 of its levels.

You collected 122 gold pieces.

Inventory:

Hand Weapons
 a - a +0 trident (weapon)
Armour
 b - a +0 scale mail (worn)
 c - a +0 shield (worn)
 k - a +1 helmet (worn)
Jewellery
 p - a ring of protection from magic (right hand)
Scrolls
 h - 5 scrolls of identify {unknown}
 j - a scroll of recharging {unknown}
 m - a scroll of noise {unknown}
 n - a scroll of amnesia {unknown}
 q - a scroll of remove curse {unknown}
Potions
 d - a potion of might
 e - 4 potions of heal wounds {unknown}
 g - a potion of curing
 o - a potion of brilliance {unknown}
 r - a potion of degeneration {unknown}
Comestibles
 f - 4 bread rations
 i - a meat ration
 l - a beef jerky


   Skills:
 - Level 3.6 Fighting
 * Level 4.8 Polearms
 - Level 3.2 Armour
 - Level 3.2 Shields


You had 3 spell levels left.
You didn't know any spells.

Dungeon Overview and Level Annotations

Branches:
Dungeon (3/15)

Altars:

Annotations:
D:2 Grinder


Message History

Grinder is heavily wounded.
Grinder hits you but does no damage.
The frilled lizard bites you but does no damage.
You puncture Grinder!
Grinder is severely wounded.
You are feeling hungry.
Grinder drinks a potion.
Grinder is healed!
The frilled lizard barely misses you. Grinder hits you.
* * * LOW HITPOINT WARNING * * *
You writhe in agony.
* * * LOW HITPOINT WARNING * * *
You hit Grinder.
Grinder is heavily wounded.
The frilled lizard bites you.
* * * LOW HITPOINT WARNING * * *
Grinder gestures at you.
You suddenly lose the ability to move!
The frilled lizard bites you but does no damage.
Grinder hits you.
You die...

#####
##########>..#####
.)...(.(()###.g5@#
##.......## ##.#l#
##.####.## ##.S#
...###..# #..#
...##...## ##..###
÷..##..#.## ##.#...#
÷#........###.####.#
...##..#...........#
#.###..###..#####..#


You could see Grinder, an adder, a hobgoblin and a frilled lizard.

Vanquished Creatures
  2 adders (D:2)
  2 worms (D:2)
  3 dart slugs
  2 leopard geckos
  A giant cockroach (D:2)
  2 goblins
  8 hobgoblins
  2 quokkas (D:2)
  3 ball pythons (D:2)
  5 bats
  A frilled lizard (D:1)
  5 kobolds
  4 rats (D:1)
40 creatures vanquished.

Notes
Turn   | Place    | Note
-------+----------+-------------------------------------------
     0 | D:1      | Minion the Hill Orc Fighter began the quest for the Orb.
     0 | D:1      | Reached XP level 1. HP: 19/19 MP: 1/1
    75 | D:1      | Reached skill level 3 in Polearms
    75 | D:1      | Reached XP level 2. HP: 23/26 MP: 2/2
   785 | D:2      | Reached skill level 4 in Polearms
   785 | D:2      | Reached XP level 3. HP: 23/31 MP: 3/3
  1178 | D:2      | Reached XP level 4. HP: 22/39 MP: 4/4
  1566 | D:3      | Noticed Grinder
  1586 | D:2      | Paralysed by Grinder for 7 turns
  1587 | D:2      | Slain by Grinder

Vault maps used:
D:1:      saegor_arrival_under_anarchy, serial_glass, glass_columns_a,
          glass_columns_c, minmay_misc_feat_ornament
D:2:      first_bread
D:3:      hangedman_decor_growths, uniq_grinder

Skill      XL: |  1  2 |
---------------+-------+-----
Polearms       | 3 4 |  4.8
Fighting       | |  3.6
Armour         | |  3.2
Shields        | |  3.2

Action                   |  1- 3 |  4- 6 || total
-------------------------+-------+-------++-------
Melee: Trident           |   148 |    34 ||   182
  Eat: Chunk             |     1 |     1 ||     2
Armor: Scale mail        |    75 |    18 ||    93
Dodge: Dodged            |    51 |    11 ||    62
Block: Shield            |    80 |    19 ||    99
